 Dungeon Crawl Stone Soup version 0.28-a0-46-g7b1be97da7 (webtiles) character file.

Game seed: 17698839715737371161

798 Houston the Shield-Bearer (level 7, -10/66 HPs)
             Began as a Deep Dwarf Fighter on July 29, 2021.
             Was a Follower of Cheibriados.
             Mangled by an orc warrior (13 damage)
             ... on level 6 of the Dungeon.
             The game lasted 00:24:51 (4776 turns).

Houston the Shield-Bearer (Deep Dwarf Fighter)      Turns: 4776, Time: 00:24:52

Health: -10/66     AC:  4    Str: 23    XL:     7   Next: 58%
Magic:  6/6        EV:  9    Int: 11    God:    Cheibriados [*.....]
Gold:   123        SH: 10    Dex: 14    Spells: 6/6 levels left

rFire   . . .      SeeInvis .   a - +1 war axe
rCold   + . .      Faith    .   c - +0 kite shield
rNeg    + . .      Spirit   .   B - +2 robe {rN+}
rPois   .          Reflect  .   (no helmet)
rElec   .          Harm     .   (no cloak)
rCorr   .          Rampage  .   (no gloves)
Will    ++...                   (no boots)
Stlth   +.........              (no amulet)
HPRegen 0.00/turn               g - ring of willpower
MPRegen 0.10/turn               x - ring of protection from cold

@: very slow
A: damage resistance, heal wounds, sense surroundings 1, no regeneration
a: Heal Wounds, Renounce Religion, Bend Time


You were on level 6 of the Dungeon.
You worshipped Cheibriados.
Cheibriados was aware of your devotion.
You visited 1 branch of the dungeon, and saw 6 of its levels.

You collected 159 gold pieces.
You spent 36 gold pieces at shops.

Inventory:

Hand Weapons
 a - a +1 war axe (weapon)
 o - a +1 rapier of protection
 s - a +2 flail of holy wrath
 t - a +0 hunting sling of freezing
 A - a +1 whip of electrocution
Missiles
 e - 130 stones
 f - 22 poisoned darts
 u - 2 throwing nets
 w - 4 javelins (quivered)
Armour
 b - a +0 scale mail
 c - a +0 kite shield (worn)
 l - a +0 tower shield
 B - a +2 robe of positive energy (worn)
 C - a +0 plate armour
Jewellery
 g - a ring of willpower (left hand)
 x - a ring of protection from cold (right hand)
Wands
 z - a wand of digging (5)
Scrolls
 h - a scroll of identify
 j - a scroll of noise
 y - a scroll of magic mapping
 D - a scroll of immolation {unknown}
Potions
 d - 2 potions of might
 i - a potion of haste {unknown}
 k - a potion of attraction {unknown}
 m - a potion of heal wounds {unknown}
 n - a potion of lignification {unknown}
 p - 2 potions of curing
 q - a potion of flight {unknown}
 r - a potion of brilliance
 v - a potion of mutation {unknown}


   Skills:
 + Level 4.6 Fighting
 + Level 5.0 Axes
 + Level 0.2 Throwing
 + Level 5.7 Armour
 + Level 5.7 Shields


You had 6 spell levels left.
You didn't know any spells.
Your spell library contained the following spells:

 Spells                   Type           Power      Damage    Failure   Level
 Blink                    Tloc           N/A        N/A       87%         2
 Static Discharge         Conj/Air       0%         N/A       87%         2
 Lightning Bolt           Conj/Air       0%         1d11      100%        5
 Manifold Assault         Tloc           0%         N/A       100%        5
 Storm Form               Tmut/Air       0%         N/A       100%        7
 Maxwell's Capacitive Co  Air            0%         ∞         100%        8


Dungeon Overview and Level Annotations

Branches:
Dungeon (6/15)
 Temple: D:4-7

Altars:
Cheibriados
Nemelex Xobeh
Uskayaw
Zin

Shops:
D:1 :   D:2 !   D:5 *

Annotations:
D:2 1 runed translucent door, Crazy Yiuf


Innate Abilities, Weirdness & Mutations

You are resistant to damage.
You can heal yourself by infusing magical energy.
You passively map a small area around you.
You do not regenerate.


Message History

You see here a hound corpse.
You see here a +0 plate armour.
C - a +0 plate armour You open the door.
There is an open door here.
D - a scroll labelled DOAC ATHADIS An orc comes into view.
It is wielding a +0 club.
Throw: 7 javelins
Press: ? - help, Q - select action, (/) - cycle Shift-Dir - straight line, f - orc
Aim: an orc, wielding a +0 club (asleep, 98% to hit)
You throw a javelin. The javelin pierces through the orc.
The orc shouts!
The orc is heavily wounded.
You hear a shout! x2
An orc comes into view. It is wielding a +0 short sword.
An orc comes into view. It is wielding a +0 war axe.
The orc moves out of view.
An orc warrior comes into view. It is wielding a +0 glaive.
Throw: 6 javelins
Press: ? - help, Q - select action, (/) - cycle Shift-Dir - straight line, f - orc
Aim: an orc, wielding a +0 war axe (60% to hit)
You throw a javelin. The javelin pierces through the orc!
You kill the orc!
Cheibriados appreciates the change of pace.
The orc warrior barely misses you.
Throw: 5 javelins
Press: ? - help, Q - select action, (/) - cycle Shift-Dir - straight line, f - orc warrior
Aim: an orc warrior, wielding a +0 glaive and wearing a +0 chain mail (57% to hit)
You throw a javelin.
The javelin barely misses the orc warrior.
The javelin barely misses the orc.
You block the orc warrior's attack.
The orc warrior hits you from afar with a +0 glaive!
* * * LOW HITPOINT WARNING * * *
You block the orc warrior's attack.
You slash the orc warrior!
The orc warrior is moderately wounded.
The orc warrior barely misses you.
The orc warrior hits you with a +0 glaive!
You die...

*, * #.....
,,...(. * ,
##.#.# , .(..#
,,,...# , *
,.o# ,,, , * *
#o# * #@# ** *
#.# #+#*
#####.# ####.#
#.....# .....#
#.#####
###..## #.#
###...#### #.#
.........# #.#
###...##.###.#


You could see an orc warrior and an orc.

Vanquished Creatures
  An ogre (D:5)
  A phantom (D:5)
  2 scorpions (D:5)
  A water moccasin skeleton (D:5)
  A howler monkey (D:4)
  A gnoll shaman (D:4)
  4 hounds
  An iguana (D:4)
  A scorpion zombie (D:5)
  A mummy (D:3)
  12 gnolls
  3 adders
  A shadow imp (D:6)
  An ufetubus (D:5)
  An adder skeleton (D:5)
  8 orcs
  5 bats
  An endoplasm (D:1)
  A giant cockroach (D:4)
  8 goblins
  9 hobgoblins
  4 jackals
  2 quokkas
  9 ball pythons
  3 frilled lizards
  A kobold (D:1)
  A quokka skeleton (D:4)
  4 rats
88 creatures vanquished.

Notes
Turn   | Place    | Note
-------+----------+-------------------------------------------
     0 | D:1      | Houston the Deep Dwarf Fighter began the quest for the Orb.
     0 | D:1      | Reached XP level 1. HP: 20/20 MP: 1/1
   233 | D:1      | Found Guguw's Book Shop.
   256 | D:1      | Reached XP level 2. HP: 21/27 MP: 2/2
   576 | D:2      | Found a faded altar of an unknown god.
   621 | D:2      | Reached XP level 3. HP: 20/34 MP: 3/3
   853 | D:2      | Found a runed translucent door.
   854 | D:2      | Noticed Crazy Yiuf
  1053 | D:2      | Found Rulohame's Distillery.
  1063 | D:2      | Bought a potion of curing for 36 gold pieces
  1088 | D:2      | Reached XP level 4. HP: 9/42 MP: 3/3
  1753 | D:3      | Found a glowing silver altar of Zin.
  1753 | D:3      | Noticed an angel
  1925 | D:3      | Found a snail-covered altar of Cheibriados.
  1941 | D:3      | Became a worshipper of Cheibriados the Contemplative
  2419 | D:4      | Reached XP level 5. HP: 19/49 MP: 4/4
  2846 | D:4      | Reached XP level 6. HP: 13/57 MP: 5/5
  3024 | D:4      | Found a sparkling altar of Nemelex Xobeh.
  3262 | D:5      | Entered Level 5 of the Dungeon
  3622 | D:5      | HP: 1/57 [scorpion (4)]
  3624 | D:5      | Reached skill level 5 in Armour
  3624 | D:5      | Reached skill level 5 in Shields
  3735 | D:5      | Found Foutte's General Store.
  3849 | D:5      | Reached * piety under Cheibriados
  3859 | D:5      | Reached XP level 7. HP: 19/64 MP: 6/6
  3864 | D:5      | HP: 1/64 [phantom (3)]
  4017 | D:5      | Found a hide-covered altar of Uskayaw.
  4247 | D:5      | Reached skill level 5 in Axes
  4535 | D:5      | You fall into a shaft and drop 1 floor!
  4774 | D:6      | HP: 3/66 [orc warrior (10)]
  4776 | D:6      | Mangled by an orc warrior

Illustrated notes

Levels and vault maps discovered:
D:1:      minmay_arrival_shattered_statue, layout_rooms, serial_shops, shop
D:2:      layout_rooms, hellmonk_ecumenical_altar_crossroads, serial_shops,
          shop, uniq_crazy_yiuf_cottage
D:3:      layout_loops_ring, zin_angel, slow_altar_2
D:4:      layout_basic, nemelex_spade_bored_becter, kennysheep_boxes
D:5:      layout_basic, nicolae_uskayaw_murder_on_the_dancefloor, serial_shops,
          shop_fountains
D:6:      layout_loops_corners, lemuel_round_altar,
          minmay_temple_entry_enclosed_plants

Skill      XL: |  1  2  3  4  5  6  7 |
---------------+----------------------+-----
Fighting       | 3 4 |  4.6
Axes           | 3 4 5 |  5.0
Armour         | 4 5 |  5.7
Shields        | 4 5 |  5.7
Throwing       | |  0.2

Action                   |  1- 3 |  4- 6 |  7- 9 || total
-------------------------+-------+-------+-------++-------
Melee: War axe           |   117 |   104 |    30 ||   251
Throw: Javelin           |       |    14 |    14 ||    28
 Abil: Heal Wounds       |     1 |     1 |     1 ||     3
  Use: Potion            |       |     2 |       ||     2
       Scroll            |       |     8 |       ||     8
Armor: Scale mail        |    59 |    38 |       ||    97
       Robe              |       |     4 |     5 ||     9
Dodge: Dodged            |    49 |    41 |    13 ||   103
Block: Kite shield       |    77 |    65 |    15 ||   157

Table legend: (Time is in decaauts)
 A = Elapsed time spent in this place.
 B = Non-inter-level travel time spent in this place.
 C = Inter-level travel time spent in this place.
 D = Time resting spent in this place.
 E = Time spent auto-exploring this place.
 F = Levels seen in this place.
 G = Mean time per level.
                   A        B        C        D        E       F      G
               +--------+--------+--------+--------+--------+-----+--------+
         Total |   5625 |   5169 |    456 |    631 |   2781 |   6 |  937.5 |
       Dungeon |   5625 |   5169 |    456 |    631 |   2781 |   6 |  937.5 |
               +--------+--------+--------+--------+--------+-----+--------+

Top non-repeatable levels by time:
     D:5: 1587 daAuts
     D:4: 1153 daAuts
     D:3: 1090 daAuts
     D:2: 932 daAuts
     D:1: 528 daAuts
     D:6: 332 daAuts
